 Dungeon Crawl Stone Soup version 0.29.1-12-g30fa7ad0bf (webtiles) character file.

Game seed: 5619981427622304539

74 styxcanada the Sneak (level 4, -13/23 HPs)
             Began as a Spriggan Brigand on Jan 13, 2023.
             Mangled by Robin
             ... wielding a +0 spear of distortion
              (19 damage)
             ... on level 2 of the Dungeon.
             The game lasted 00:05:36 (1514 turns).

styxcanada the Sneak (Spriggan Brigand)             Turns: 1514, Time: 00:05:37

Health: -13/23     AC:  4    Str:  7    XL:     4   Next: 10%
Magic:  5/5        EV: 17    Int: 12    God:
Gold:   41         SH:  0    Dex: 18    Spells: 3/3 levels left

rFire   . . .      SeeInvis +   a - +2 dagger
rCold   . . .      Faith    .   (no shield)
rNeg    . . .      Spirit   .   b - +0 robe
rPois   .          Reflect  .   (helmet restricted)
rElec   .          Harm     .   c - +1 cloak
rCorr   .          Rampage  .   (gloves unavailable)
Will    .....                   (boots unavailable)
Stlth   ++++......              (no amulet)
HPRegen 0.07/turn               (no ring)
MPRegen 0.09/turn               (no ring)

@: very quick
A: very small, no large weapons, unfitting armour, see invisible, speed 3
a: no special abilities


You were on level 2 of the Dungeon.
You visited 1 branch of the dungeon, and saw 2 of its levels.

You collected 89 gold pieces.
You spent 48 gold pieces at shops.

Inventory:

Hand Weapons
 a - a +2 dagger (weapon)
Missiles
 d - 10 poisoned darts (quivered)
 e - 3 curare-tipped darts
 n - 3 boomerangs
Armour
 b - a +0 robe (worn)
 c - a +1 cloak (worn)
Jewellery
 m - a ring of ice
Potions
 f - a potion of invisibility
 i - a potion of heal wounds {unknown}
 j - 3 potions of curing
 l - a potion of berserk rage {unknown}
 o - a potion of might {unknown}


   Skills:
 * Level 2.3 Fighting
 + Level 2.3 Short Blades
 + Level 2.0 Throwing
 * Level 1.7 Dodging
 * Level 7.6 Stealth


You had 3 spell levels left.
You didn't know any spells.
Your spell library was empty.

Dungeon Overview and Level Annotations

Branches:
Dungeon (2/15)

Altars:

Shops:
D:2 *

Annotations:
D:2 Robin


Innate Abilities, Weirdness & Mutations

You are very small and have problems with some larger weapons.
You are too small for most types of armour.
You have supernaturally acute eyesight. (SInv)
You cover ground extremely quickly. (Speed+++)


Message History

The goblin closely misses you.
A goblin comes into view. It is wielding a +0 dagger.
You barely miss the goblin.
The goblin is severely wounded.
The goblin shouts!
The goblin barely misses you.
You hit the goblin.
You kill the goblin!
Robin of the Strong Arm comes into view.
They are wielding a +0 spear of distortion.
You miss the goblin.
Robin roars a battlecry!
The goblins go into a battle-frenzy!
The goblin completely misses you.
You hit the goblin.
You kill the goblin!
The hobgoblin closely misses you.
A goblin comes into view. It is wielding a +0 club.
Things that are here:
a +0 club; a +0 club; a goblin corpse You hit the hobgoblin.
You kill the hobgoblin!
Robin throws the goblin at you! The goblin misses you.
A kobold comes into view. It is wielding a +0 short sword.
You completely miss the goblin.
Robin says, "My army is invincible!"
The goblin closely misses you. x2
You closely miss the goblin. Robin barely misses you. The goblin misses you.
The goblin barely misses you.
You hit the goblin.
The goblin is moderately wounded.
The goblin hits you but does no damage. The goblin barely misses you.
You closely miss the goblin.
Unknown command.
You hit the goblin.
The goblin is moderately wounded.
Robin hits you from afar with a +0 spear of distortion.
* * * LOW HITPOINT WARNING * * *
Space warps horribly around you!!
Ouch! That really hurt!
You die...

### #.. ..# #K# #g#
#### #g# #... #@#
#... #g# . #... #.#
.. ###### #.# ....
...# #.#####... #.##
#........#+# #...
#.#.##.###.#.####...
#......#............
###..#)#.#.#.###g###


You could see Robin, 2 goblins and a kobold.

Vanquished Creatures
  2 adders (D:2)
  A dart slug (D:2)
  6 ball pythons
  A bat (D:2)
  4 endoplasms
  2 giant cockroaches (D:2)
  5 hobgoblins
  4 jackals (D:1)
  A quokka (D:1)
  2 frilled lizards
  12 goblins
  3 kobolds
  A rat (D:1)
44 creatures vanquished.

Vanquished Creatures (collateral kills)
  A goblin (D:2)
  A hobgoblin (D:2)
2 creatures vanquished.

Grand Total: 46 creatures vanquished

Notes
Turn   | Place    | Note
-------+----------+-------------------------------------------
     0 | D:1      | styxcanada the Spriggan Brigand began the quest for the
                  | Orb.
     0 | D:1      | Reached XP level 1. HP: 10/10 MP: 2/2
   495 | D:1      | Reached skill level 6 in Stealth
   525 | D:1      | Reached XP level 2. HP: 13/15 MP: 3/3
  1160 | D:2      | Reached XP level 3. HP: 18/18 MP: 4/4
  1169 | D:2      | Found Xitiqoku's General Store.
  1178 | D:2      | Bought a scroll of identify for 24 gold pieces
  1178 | D:2      | Bought a scroll of identify for 24 gold pieces
  1254 | D:2      | Reached skill level 7 in Stealth
  1487 | D:2      | Reached XP level 4. HP: 17/23 MP: 5/5
  1505 | D:2      | Noticed Robin
  1514 | D:2      | Mangled by Robin

Illustrated notes

Levels and vault maps discovered:
D:1:      sevenhm_arrival_forest_fort_small_1, layout_loops_ring
D:2:      layout_basic, serial_shops, nicolae_square_shop,
          nicolae_figureground_sparkle, uniq_robin

Skill      XL: |  1  2  3 |
---------------+----------+-----
Stealth        | 6 7 |  7.6
Fighting       | 2 |  2.3
Short Blades   | |  2.3
Throwing       | |  2.0
Dodging        | |  1.7

Action                   |  1- 3 |  4- 6 || total
-------------------------+-------+-------++-------
Melee: Dagger            |    90 |    15 ||   105
       Punch             |     3 |       ||     3
Throw: Dart              |    12 |       ||    12
  Use: Scroll            |     7 |       ||     7
 Stab: Sleeping          |    11 |       ||    11
Armor: Robe              |    10 |     1 ||    11
Dodge: Dodged            |    60 |    12 ||    72
